 Dungeon Crawl Stone Soup version 0.24.1-8-ga250c9d538 (webtiles) character file.

Game seed: 5167430735931344524, levelgen mode: deterministic

170 Hugehornet the Insei (level 5, 0/33 HPs)
             Began as an Octopode Transmuter on May 2, 2020.
             Slain by a gnoll
             ... wielding a +0 mace
              (9 damage)
             ... on level 3 of the Dungeon on May 3, 2020.
             The game lasted 00:08:46 (2739 turns).

Hugehornet the Insei (Octopode Transmuter)          Turns: 2739, Time: 00:08:47

Health: 0/33       AC:  7    Str:  9    XL:     5   Next: 50%
Magic:  6/8        EV: 19    Int: 17    God:
Gold:   80         SH:  0    Dex: 17    Spells: 2/8 levels left

rFire    . . .     SeeInvis .     - Unarmed
rCold    + . .     Gourm    .   (shield currently unavailable)
rNeg     + . .     Faith    .   (helmet currently unavailable)
rPois    x         Spirit   .   i - amulet of rage
rElec    .         Reflect  .   j - ring of wizardry
rCorr    .         Harm     .   m - ring of positive energy
MR       .....                  o - ring of protection from cold
Stlth    ++........             r - ring of wizardry
HPRegen  0.11/turn              t - +5 ring of protection
MPRegen  0.11/turn              (no ring)
                                (no ring)
                                (no ring)

@: spider-form (expiring), studying Axes
A: tiny, almost no armour, stealthy swim, (amphibious), 8 rings, (constrict 8)
a: End Transformation, Evoke Berserk Rage


You were on level 3 of the Dungeon.
You were not hungry.
You were a venomous arachnid creature.
You visited 1 branch of the dungeon, and saw 3 of its levels.

You collected 80 gold pieces.

Inventory:

Missiles
 a - 12 arrows
Armour
 b - a +2 buckler
Jewellery
 i - an amulet of rage (around neck)
 j - a ring of wizardry (left front leg)
 m - a ring of positive energy (right front leg)
 o - a ring of protection from cold (on tentacle)
 r - a ring of wizardry (on tentacle)
 t - a +5 ring of protection (on tentacle)
Wands
 p - a wand of clouds (2)
Scrolls
 e - a scroll of identify {unknown}
 g - a scroll of magic mapping {unknown}
 h - 4 scrolls of remove curse {unknown}
 k - a scroll of amnesia {unknown}
 l - 2 scrolls of teleportation {unknown}
 q - a scroll of enchant weapon {unknown}
Potions
 d - 2 potions of curing {unknown}
 f - a potion of degeneration {unknown}
 n - a potion of magic {unknown}
Books
 u - a manual of Axes
Comestibles
 c - 4 rations
 s - 9 chunks of flesh


   Skills:
 - Level 1.0 Fighting
 - Level 2.0 Dodging
 * Level 5.0 Unarmed Combat
 - Level 2.0 Spellcasting
 - Level 3.8 Transmutations


You had 2 spell levels left.
You knew the following spells:

 Your Spells              Type           Power        Failure   Level  Hunger
a - Beastly Appendage     Tmut           ##....       3%          1    #......
b - Sticks to Snakes      Tmut           ##......     4%          2    ###....
c - Spider Form           Tmut/Pois      #.........   14%         3    ###....

Your spell library contained the following spells:

 Spells                   Type           Power        Failure   Level  Hunger
 Ice Form                 Ice/Tmut       #.......     36%         4    #####..
 Blade Hands              Tmut           ##........   41%         5    ######.


Dungeon Overview and Level Annotations

Branches:
Dungeon (3/15)

Altars:


Innate Abilities, Weirdness & Mutations

You cannot wear most types of armour.
You are very stealthy in the water. (Stealth+)
((You are amphibious.))
You can wear up to eight rings at the same time.
((You can use your tentacles to constrict eight enemies at once.))
((Your skin changes colour to match your surroundings (Stealth+).))
((Your rubbery body absorbs attacks. (AC +1, EV +1)))


Message History

The gnoll is severely wounded.
The gnoll completely misses you.
You hit the gnoll.
You kill the gnoll!
You hit the gnoll.
The gnoll is poisoned.
The gnoll is moderately wounded.
The gnoll closely misses you.
You hit the gnoll.
The gnoll looks as sick as possible!
The gnoll is severely wounded.
You kill the gnoll!
Your Unarmed Combat skill increases to level 5!
You hit the gnoll but do no damage.
The gnoll is poisoned.
The gnoll hits you with a +0 mace!
* * * LOW HITPOINT WARNING * * *
You hit the gnoll but do no damage.
The gnoll looks as sick as possible!
The gnoll is moderately wounded.
You barely miss the gnoll.
The gnoll is severely wounded.
The gnoll hits you with a +0 mace!
You die...

#...........####..
##...........##...#
####............##...#
............>...##...#
......#.....#.## #g..#
........##.....# #g..#
......####.....# #)..#
......#
#.^...###...####
......#
#......sg......#
......#
#.##.#########.#
..##### #.##.# ..
......# #....# #####
#.##### ......# ######
##...## ##...##
......#
#.....#####.....#
##....#
#..#.........#..#
#....#########
#.....#####.....#
#............#
##...##...##...##


You could see a gnoll.

Vanquished Creatures
  Ijyb (D:3)
  3 gnolls (D:3)
  2 adders (D:2)
  3 oozes
  3 worms
  A dart slug (D:1)
  A leopard gecko (D:1)
  4 orcs (D:3)
  9 bats
  3 giant cockroaches
  8 goblins
  7 hobgoblins
  4 jackals (D:1)
  2 quokkas (D:2)
  4 frilled lizards
  7 kobolds
  9 rats
71 creatures vanquished.

Notes
Turn   | Place    | Note
-------+----------+-------------------------------------------
     0 | D:1      | Hugehornet the Octopode Transmuter began the quest for the
                  | Orb.
     0 | D:1      | Reached XP level 1. HP: 13/13 MP: 3/3
   128 | D:1      | Reached XP level 2. HP: 15/18 MP: 1/5
   478 | D:1      | Reached XP level 3. HP: 18/23 MP: 6/6
   637 | D:1      | Learned a level 2 spell: Sticks to Snakes
   641 | D:1      | Learned a level 3 spell: Spider Form
  1011 | D:2      | You fall into a shaft and drop 1 floor!
  1137 | D:2      | Reached XP level 4. HP: 13/28 MP: 7/7
  2095 | D:3      | Noticed Ijyb
  2108 | D:3      | Killed Ijyb
  2108 | D:3      | Reached skill level 4 in Unarmed Combat
  2243 | D:3      | Reached XP level 5. HP: 33/33 MP: 8/8
  2736 | D:3      | Reached skill level 5 in Unarmed Combat
  2739 | D:3      | Slain by a gnoll

Levels and vault maps discovered:
D:1:      psy_arrival_heroes, layout_rooms, serial_curves, eino_curves_03,
          eino_curves_01, eino_curves_03, st_stairs_11, minmay_pentomino_t2
D:2:      layout_basic
D:3:      minmay_octagon_keep, layout_basic, uniq_ijyb

Skill      XL: |  1  2  3  4  5 |
---------------+----------------+-----
Transmutations | 3 |  3.8
Unarmed Combat | 4 5 |  5.0
Fighting       | |  1.0
Dodging        | |  2.0
Spellcasting   | |  2.0

Action                   |  1- 3 |  4- 6 || total
-------------------------+-------+-------++-------
Melee: Unarmed           |    79 |    99 ||   178
       Constrict         |    21 |    20 ||    41
       Kick              |    19 |    14 ||    33
       Tentacles         |    10 |     7 ||    17
       Punch             |     1 |     2 ||     3
 Cast: Beastly Appendage |    17 |    19 ||    36
       Spider Form       |       |     3 ||     3
 Stab: Sleeping          |     4 |     1 ||     5
  Eat: Chunk             |       |     7 ||     7
Armor: Skin              |     6 |     6 ||    12
Dodge: Dodged            |    47 |    52 ||    99
